[Event "Titled Tuesday Blitz January 03 Early 2023"]
[White "Papp, Levente"]
[Black "Kobalia, Mikhail"]
[WhiteFideId "751243"]
[BlackFideId "4119150"]
[WhiteElo "2353"]
[BlackElo "2578"]
[Result "0-1"]
[Round "11"]
[TimeControl "180+2"]
[Date "2023.01.03"]
[WhiteClock "0:00:04"]
[BlackClock "0:00:20"]

1. c4 g6 2. g3 Bg7 3. Bg2 f5 4. Nf3 Nf6 5. O-O O-O 6. d3 d6 7. Nc3 e5 8. e4 Nc6 9. Bg5 h6 10. Bxf6 Qxf6 11. Nd5 Qf7 12. b4 Nd8 13. Nc3 f4 14. Nd2 g5 15. Bf3 Ne6 16. Bh5 Qf6 17. Nb3 c6 18. f3 Nd4 19. Nxd4 exd4 20. Ne2 Qe7 21. Kh1 Be5 22. gxf4 Bxf4 23. Bg4 Be5 24. Ng3 Bxg3 25. hxg3 a5 26. a3 Bxg4 27. fxg4 Rxf1+ 28. Qxf1 Qe6 29. bxa5 Qxg4 30. Qg2 Rf8 31. Rg1 Rf3 32. Qh2 Kg7 33. Qg2 Rxd3 34. a6 bxa6 35. e5 dxe5 36. Kh2 Qh5+ 37. Qh3 Rd2+ 38. Rg2 Qxh3+ 39. Kxh3 Rxg2 40. Kxg2 g4 0-1


[Site "https://www.chess.com"]

[Event "Titled Tuesday Blitz January 03 Early 2023"]
[White "Shipov, Sergei"]
[Black "Freitag, Manfred"]
[WhiteFideId "4113624"]
[BlackFideId "1602004"]
[WhiteElo "2541"]
[BlackElo "2352"]
[Result "1-0"]
[Round "11"]
[TimeControl "180+2"]
[Date "2023.01.03"]
[WhiteClock "0:00:18"]
[BlackClock "0:00:05"]

1. d4 Nf6 2. c4 g6 3. Nc3 Bg7 4. e4 d6 5. Be2 O-O 6. Nf3 e5 7. Be3 exd4 8. Nxd4 Re8 9. f3 c6 10. Bf2 d5 11. exd5 cxd5 12. O-O Nc6 13. c5 Nh5 14. Qd2 Be5 15. g3 Bh3 16. Rfe1 Ng7 17. Bb5 Bxd4 18. Rxe8+ Qxe8 19. Bxd4 Nxd4 20. Qxd4 Nf5 21. Qd2 Qe7 22. b4 Rd8 23. Re1 Qf6 24. Nxd5 Kg7 25. Rd1 Qe5 26. Bc4 Nxg3 27. hxg3 Qxg3+ 28. Kh1 Qxf3+ 29. Kh2 Be6 30. Qd4+ f6 31. Rd3 Qe2+ 32. Kg1 Qe1+ 33. Kg2 Qe2+ 34. Kg3 Qe1+ 35. Qf2 Qe5+ 36. Qf4 Qe1+ 37. Kg2 Qe2+ 38. Kg1 Qe1+ 39. Qf1 Qxf1+ 40. Kxf1 h5 41. Ke2 h4 42. b5 g5 43. c6 bxc6 44. bxc6 Rc8 45. Bb5 h3 46. Kf3 f5 47. Ne3 f4 48. Ng4 1-0


[Site "https://www.chess.com"]

[Event "Titled Tuesday Blitz January 03 Early 2023"]
[White "Piesik, Piotr"]
[Black "Kilic, Eray"]
[WhiteFideId "1136194"]
[BlackFideId "44517173"]
[WhiteElo "2426"]
[BlackElo "2414"]
[Result "0-1"]
[Round "11"]
[TimeControl "180+2"]
[Date "2023.01.03"]
[WhiteClock "0:00:21"]
[BlackClock "0:00:26"]

1. Nf3 Nf6 2. g3 g6 3. Bg2 Bg7 4. O-O O-O 5. d4 d6 6. Nbd2 Nbd7 7. e4 e5 8. dxe5 Nxe5 9. Nxe5 dxe5 10. Qe2 Qe7 11. Nc4 Bg4 12. f3 Be6 13. Be3 Nd7 14. Rfd1 Rfd8 15. Na5 Qb4 16. Qd2 Qxb2 17. Rab1 Qa3 18. Nxb7 Rdb8 19. Na5 Rxb1 20. Rxb1 Qxa2 21. Rb7 Bf6 22. Nc6 Nb6 23. Bf1 Nc4 24. Bxc4 Bxc4 25. Rxc7 a5 26. h4 a4 27. Kh2 Be6 28. Nb4 Qb1 29. Nd5 Bd8 30. Ra7 Rxa7 31. Bxa7 a3 32. Nc3 Ba5 33. Nxb1 a2 34. Qxa5 axb1=Q 35. Qd2 Qf1 36. Bf2 h5 37. Qe3 Bh3 0-1


[Site "https://www.chess.com"]

[Event "Titled Tuesday Blitz January 03 Early 2023"]
[White "Harsh Suresh"]
[Black "Aldokhin, Ivan"]
[WhiteFideId "45018464"]
[BlackFideId "24115720"]
[WhiteElo "2298"]
[BlackElo "2413"]
[Result "1/2-1/2"]
[Round "11"]
[TimeControl "180+2"]
[Date "2023.01.03"]
[WhiteClock "0:00:07"]
[BlackClock "0:00:03"]

1. e4 c5 2. Nc3 e6 3. f4 Nc6 4. Nf3 d5 5. Bb5 Ne7 6. O-O d4 7. Ne2 a6 8. Bxc6+ Nxc6 9. d3 Be7 10. Qe1 c4 11. Bd2 cxd3 12. cxd3 Qb6 13. b3 Bd7 14. Qf2 O-O 15. Nexd4 Nxd4 16. Nxd4 Bc5 17. Be3 Bb5 18. Rfc1 Bxd3 19. Rxc5 Qxc5 20. Nxe6 Qc6 21. Nxf8 Bxe4 22. Rc1 Qe8 23. Bc5 Rc8 24. Qe3 f5 25. Ba3 Rd8 26. h3 Rd3 27. Qf2 b6 28. Rc7 Qd8 29. Qxb6 Rd1+ 30. Kh2 Rd2 31. Rxg7+ Kxg7 32. Ne6+ Kg8 33. Nxd8 Rxg2+ 34. Kh1 Rg3+ 35. Kh2 Rg2+ 36. Kh1 Rg3+ 37. Kh2 Rg2+ 1/2-1/2


[Site "https://www.chess.com"]

[Event "Titled Tuesday Blitz January 03 Early 2023"]
[White "Starozhilov, Leonid"]
[Black "Christie, Joshua"]
[WhiteFideId "14106752"]
[BlackFideId "7402074"]
[WhiteElo "2313"]
[BlackElo "2294"]
[Result "1-0"]
[Round "11"]
[TimeControl "180+2"]
[Date "2023.01.03"]
[WhiteClock "0:00:06"]
[BlackClock "0:00:31"]

1. e4 e6 2. d4 d5 3. Nc3 Bb4 4. e5 c5 5. a3 Bxc3+ 6. bxc3 Qc7 7. h4 Ne7 8. h5 b6 9. Rh4 h6 10. Ne2 Ba6 11. Rg4 Kf8 12. Ng3 Bxf1 13. Kxf1 Nd7 14. Kg1 Rc8 15. a4 cxd4 16. cxd4 Qxc2 17. Qe1 Nf5 18. Ba3+ Nc5 19. dxc5 bxc5 20. Rc1 Qd3 21. Rxc5 Rxc5 22. Bxc5+ Kg8 23. Nxf5 exf5 24. Rd4 Qc2 25. Bxa7 Kh7 26. Rxd5 Ra8 27. Bd4 Rxa4 28. e6 fxe6 29. Rd7 e5 30. Bxe5 Re4 31. Rxg7+ Kh8 32. Qa1 Rxe5 33. Re7 Kg8 34. Qxe5 Qd1+ 35. Qe1 Qxh5 36. Qe6+ Kf8 37. Qf6+ Kg8 38. Qg7# 1-0


[Site "https://www.chess.com"]

[Event "Titled Tuesday Blitz January 03 Early 2023"]
[White "Sharifov, Mekhriddin"]
[Black "Vaibhav, Suri"]
[WhiteFideId "14701545"]
[BlackFideId "5045185"]
[WhiteElo "2209"]
[BlackElo "2595"]
[Result "0-1"]
[Round "11"]
[TimeControl "180+2"]
[Date "2023.01.03"]
[WhiteClock "0:00:07"]
[BlackClock "0:00:19"]

1. e4 c6 2. d4 d5 3. Nc3 dxe4 4. Nxe4 Nf6 5. Nxf6+ exf6 6. Bc4 Bd6 7. Qe2+ Qe7 8. Qxe7+ Kxe7 9. Ne2 Na6 10. c3 Nc7 11. O-O b5 12. Bd3 Nd5 13. Re1 Be6 14. a4 a6 15. Bd2 Rhe8 16. Ng3 g6 17. Ne4 f5 18. Nxd6 Kxd6 19. b3 Nb6 20. a5 Nd7 21. c4 bxc4 22. bxc4 Nf6 23. Bf4+ Kd7 24. Rab1 Kc8 25. Rb6 Bd7 26. Reb1 Kd8 27. Bg5 Ke7 28. Re1+ Kf8 29. Rxe8+ Nxe8 30. d5 cxd5 31. cxd5 Nc7 32. Rb7 Bb5 33. Bxb5 Nxb5 34. d6 Re8 35. h4 Nxd6 36. Ra7 Re1+ 37. Kh2 Ne4 38. Be3 f4 39. Bb6 Nf6 40. f3 Nh5 41. Kh3 f5 42. g4 fxg3 43. Rxa6 Rh1+ 44. Kg2 Rh2+ 45. Kg1 Nf4 46. Bc7 Nh3+ 47. Kf1 g2+ 0-1


[Site "https://www.chess.com"]

[Event "Titled Tuesday Blitz January 03 Early 2023"]
[White "Rakhmatullaev, Almas"]
[Black "Yaran, Siar"]
[WhiteFideId "14205793"]
[BlackFideId "6323006"]
[WhiteElo "2275"]
[BlackElo "2288"]
[Result "1-0"]
[Round "11"]
[TimeControl "180+2"]
[Date "2023.01.03"]
[WhiteClock "0:02:34"]
[BlackClock "0:02:16"]

1. e4 e5 2. Nf3 Nc6 3. d4 exd4 4. Nxd4 g6 5. Nc3 Bg7 6. Be3 Nf6 7. Nxc6 bxc6 8. Be2 d6 9. O-O O-O 10. Rb1 Re8 11. Bf3 Bd7 12. Re1 a5 13. h3 a4 14. a3 Qb8 15. Qd2 Qb7 16. Bd4 c5 17. Bxf6 Bxf6 18. e5 Bc6 19. Bxc6 Qb6 1-0


[Site "https://www.chess.com"]

[Event "Titled Tuesday Blitz January 03 Early 2023"]
[White "Rozman, Levy"]
[Black "Iskusnyh, Sergei"]
[WhiteFideId "2039877"]
[BlackFideId "4120027"]
[WhiteElo "2322"]
[BlackElo "2440"]
[Result "1-0"]
[Round "11"]
[TimeControl "180+2"]
[Date "2023.01.03"]
[WhiteClock "0:00:12"]
[BlackClock "0:00:05"]

1. d4 d5 2. Bg5 h6 3. Bh4 c5 4. dxc5 g5 5. Bg3 Bg7 6. c3 Nc6 7. e3 e5 8. Nf3 Nge7 9. Na3 O-O 10. Qa4 b6 11. cxb6 Qxb6 12. Qb5 Qc7 13. Qc5 Be6 14. h4 g4 15. Nd4 Rac8 16. Nxe6 fxe6 17. Be2 h5 18. Nb5 Qb8 19. Qd6 Qxd6 20. Nxd6 Rb8 21. O-O-O Rfd8 22. Nb5 Nf5 23. e4 Nxg3 24. fxg3 d4 25. Bc4 Kf7 26. Nc7 dxc3 27. bxc3 Ke7 28. Nxe6 Bh6+ 29. Ng5 Rdc8 30. Bd5 Nb4 31. Kd2 Nxd5 32. exd5 Rb2+ 33. Kd3 Rxg2 34. Ne4 Rf8 35. Rb1 Rf3+ 36. Kc4 Re2 37. Rb7+ Kd8 38. Nc5 Bd2 39. d6 Rxc3+ 40. Kd5 Rxc5+ 41. Kxc5 Be3+ 42. Kd5 Bb6 43. Ke6 Kc8 44. Rh7 Rd2 45. Rc1+ Kb8 46. Kxe5 Re2+ 47. Kd5 Rd2+ 48. Kc6 Rc2+ 49. Rxc2 1-0


[Site "https://www.chess.com"]

[Event "Titled Tuesday Blitz January 03 Early 2023"]
[White "Ordekalog"]
[Black "Koutlas, Nikolaos"]
[BlackFideId "25827138"]
[WhiteElo "2701"]
[BlackElo "2341"]
[Result "0-1"]
[Round "11"]
[TimeControl "180+2"]
[Date "2023.01.03"]
[WhiteClock "0:00:32"]
[BlackClock "0:00:50"]

1. e4 e6 2. d4 d5 3. Nc3 h6 4. Bd3 Nf6 5. e5 Nfd7 6. f4 c5 7. Nf3 Nc6 8. dxc5 Nxc5 9. O-O Nxd3 10. Qxd3 Bc5+ 11. Kh1 O-O 12. Ne2 a5 13. Be3 b6 14. Bxc5 bxc5 15. Qe3 Ba6 16. Rfd1 d4 17. Qe4 Qd5 18. Ng3 Nb4 19. Rd2 Rab8 20. a3 Qxe4 21. Nxe4 Nxc2 22. Rxc2 Bd3 23. Rxc5 Bxe4 24. Nxd4 Rxb2 25. Rg1 Rd8 26. Rc4 Bd5 27. Ra4 Bb7 28. h3 Rd2 29. Nb3 R2d3 30. Kh2 Rxb3 31. Rxa5 Rd2 32. Ra7 Rbb2 33. h4 Bxg2 34. a4 Be4+ 35. Kh3 Bf5+ 0-1


[Site "https://www.chess.com"]

[Event "Titled Tuesday Blitz January 03 Early 2023"]
[White "Skvortsov, Andrei"]
[Black "Fiorito, Francisco"]
[WhiteFideId "24108600"]
[BlackFideId "180165"]
[WhiteElo "2313"]
[BlackElo "2305"]
[Result "0-1"]
[Round "11"]
[TimeControl "180+2"]
[Date "2023.01.03"]
[WhiteClock "0:00:03"]
[BlackClock "0:00:28"]

1. d4 Nf6 2. c4 b6 3. f3 Nc6 4. d5 Ne5 5. e4 e6 6. Nc3 Bc5 7. Nge2 Nxc4 8. Nd4 exd5 9. Nxd5 Nxd5 10. Bxc4 Nf6 11. Nf5 O-O 12. Bg5 h6 13. Qc1 d5 14. Nxg7 hxg5 15. Qxg5 Nxe4 16. Qf4 Qf6 17. Nh5 Qxf4 18. Nxf4 Nf2 19. Bxd5 Re8+ 20. Kf1 Ba6+ 21. Kg1 Nh3# 0-1


[Site "https://www.chess.com"]

[Event "Titled Tuesday Blitz January 03 Early 2023"]
[White "Murtazin, Ruslan"]
[Black "Abdilkhair, Abilmansur"]
[WhiteFideId "24175960"]
[BlackFideId "13716417"]
[WhiteElo "2247"]
[BlackElo "2268"]
[Result "0-1"]
[Round "11"]
[TimeControl "180+2"]
[Date "2023.01.03"]
[WhiteClock "0:00:09"]
[BlackClock "0:00:07"]

1. e4 e5 2. Nf3 Nc6 3. Nc3 Nf6 4. Be2 Bb4 5. Nd5 Bc5 6. d3 d6 7. Bg5 h6 8. Bxf6 gxf6 9. Nh4 Be6 10. Bg4 Rg8 11. Bf5 Nd4 12. Ne3 d5 13. Bxe6 fxe6 14. Qh5+ Kd7 15. exd5 exd5 16. c3 Ne6 17. Nxd5 c6 18. Ne3 Nf4 19. Qf5+ Kc7 20. O-O-O Rg5 21. Qe4 Qd7 22. g3 Nd5 23. Nhf5 Re8 24. h4 Nxe3 25. Nxe3 f5 26. Qf3 Bxe3+ 27. Qxe3 Rg6 28. Rhe1 Rd6 29. Qxa7 Rxd3 30. Qa5+ Kb8 31. Kc2 e4 32. Qc5 Rd8 33. Rxd3 Qxd3+ 34. Kb3 Rd5 35. Qf8+ Ka7 36. a4 Qd2 37. Ra1 Qxf2 38. Qxh6 Rd2 39. Rb1 Qb6+ 40. Ka2 e3 41. Qf4 Qc5 42. Re1 Qd5+ 43. Ka3 e2 44. Qf2+ b6 45. Rxe2 Rd1 46. Re7+ Ka6 47. Re1 Rd3 48. Qf1 b5 49. axb5+ Qxb5 50. Re8 Rxc3+ 0-1


[Site "https://www.chess.com"]

[Event "Titled Tuesday Blitz January 03 Early 2023"]
[White "Fisher_TheGalactic"]
[Black "Korchmar, Vasiliy"]
[BlackFideId "24131750"]
[WhiteElo "2521"]
[BlackElo "2438"]
[Result "0-1"]
[Round "11"]
[TimeControl "180+2"]
[Date "2023.01.03"]
[WhiteClock "0:00:24"]
[BlackClock "0:00:32"]

1. Nf3 Nf6 2. g3 b6 3. Bg2 Bb7 4. O-O g6 5. d3 Bg7 6. Nbd2 c5 7. e4 O-O 8. Qe2 d6 9. c3 e6 10. Rd1 Nbd7 11. Nf1 h6 12. h4 Rc8 13. Bf4 e5 14. Be3 Ng4 15. Bd2 f5 16. N1h2 Nxh2 17. Nxh2 f4 18. Bh3 Qe7 19. Rf1 h5 20. Nf3 Bh6 21. c4 Rf7 22. g4 Qe6 23. Nh2 f3 24. Qd1 Bxd2 25. Qxd2 Rf4 26. Kh1 Nf6 27. Rg1 hxg4 28. Nxg4 Nxg4 29. Rg3 Kg7 30. Rag1 Rh8 31. Rxg4 Rxh4 32. Rxg6+ Qxg6 33. Rxg6+ Kxg6 34. Kh2 Bc8 35. Qxf4 Rxh3+ 36. Kg1 exf4 37. b3 Kf6 38. b4 Rh8 39. a4 Bh3 40. a5 Bg2 0-1


[Site "https://www.chess.com"]

[Event "Titled Tuesday Blitz January 03 Early 2023"]
[White "Khoroshev, Nikita"]
[Black "Goncalves, Davi Sulzbacher"]
[WhiteFideId "14200287"]
[BlackFideId "2154510"]
[WhiteElo "2336"]
[BlackElo "2282"]
[Result "1-0"]
[Round "11"]
[TimeControl "180+2"]
[Date "2023.01.03"]
[WhiteClock "0:01:15"]
[BlackClock "0:00:07"]

1. e4 c5 2. c3 Nf6 3. e5 Nd5 4. d4 cxd4 5. Nf3 d6 6. cxd4 e6 7. Bc4 Be7 8. O-O O-O 9. Qe2 Nc6 10. Rd1 a6 11. Bxd5 exd5 12. Nc3 Be6 13. Bf4 Rc8 14. exd6 Bxd6 15. Bxd6 Qxd6 16. h3 Rfe8 17. Qd2 Na5 18. b3 Nc6 19. Rac1 b5 20. Ne2 h6 21. Nf4 Ne7 22. Rxc8 Rxc8 23. Rc1 Rxc1+ 24. Qxc1 Nc6 25. Nd3 f6 26. Qc5 Qxc5 27. Nxc5 Bc8 28. a3 b4 29. axb4 Nxb4 30. Kf1 Kf7 31. Ke1 Ke7 32. Kd2 Kd6 33. Kc3 Nc6 34. b4 Kc7 35. Ne1 Kb6 36. Nc2 a5 37. bxa5+ Nxa5 38. Ne3 Kc6 39. Kb4 Nb7 40. Nxb7 Bxb7 41. Nf5 g6 42. Nxh6 Ba6 43. Ng4 Bf1 44. Ne3 Bd3 45. h4 f5 46. g3 Be2 47. Ng2 Bh5 48. Nf4 Kb6 49. Nxd5+ 1-0


[Site "https://www.chess.com"]

[Event "Titled Tuesday Blitz January 03 Early 2023"]
[White "Goltsev, Dmitry"]
[Black "Pein, Jonathan"]
[WhiteFideId "24176710"]
[BlackFideId "417092"]
[WhiteElo "2269"]
[BlackElo "2265"]
[Result "1-0"]
[Round "11"]
[TimeControl "180+2"]
[Date "2023.01.03"]
[WhiteClock "0:01:09"]
[BlackClock "0:00:22"]

1. e4 e5 2. Nf3 d6 3. d4 exd4 4. Nxd4 Nf6 5. Nc3 g6 6. Be2 Bg7 7. O-O O-O 8. Bg5 h6 9. Bh4 Re8 10. Bf3 Nbd7 11. h3 Ne5 12. Be2 g5 13. Bg3 Ng6 14. Bd3 a6 15. Nf5 Bxf5 16. exf5 Ne5 17. Re1 Nxd3 18. Qxd3 Nh5 19. Bh2 Qf6 20. Nd5 Qxb2 21. Nxc7 Rxe1+ 22. Rxe1 Rc8 23. Nd5 Rxc2 24. Re8+ Bf8 25. Bxd6 Rc1+ 26. Kh2 Qa1 27. Rxf8+ Kg7 28. f6+ Nxf6 29. Nxf6 Qxf6 30. Re8 Rc3 31. Qxc3 Qxc3 32. Be5+ Qxe5+ 33. Rxe5 Kf6 34. Rc5 1-0


[Site "https://www.chess.com"]

[Event "Titled Tuesday Blitz January 03 Early 2023"]
[White "Blokhin, Sofia"]
[Black "Liyanage, Ranindu Dilshan"]
[WhiteFideId "4508190"]
[BlackFideId "9915834"]
[WhiteElo "2062"]
[BlackElo "2342"]
[Result "0-1"]
[Round "11"]
[TimeControl "180+2"]
[Date "2023.01.03"]
[WhiteClock "0:00:01"]
[BlackClock "0:00:07"]

1. d4 Nf6 2. c4 e6 3. Nc3 Bb4 4. f3 c5 5. a3 Bxc3+ 6. bxc3 d5 7. cxd5 Nxd5 8. Qc2 f5 9. Nh3 O-O 10. Bg5 Qa5 11. Bd2 Qc7 12. c4 cxd4 13. Qd3 Nb6 14. c5 N6d7 15. Qxd4 Nxc5 16. Rc1 b6 17. Bf4 Qb7 18. Bd6 Rd8 19. Qe5 Nc6 20. Qg3 Bd7 21. e3 Be8 22. Be2 Qd7 23. Rd1 Qb7 24. O-O Rd7 25. Bc4 Bf7 26. Ng5 Re8 27. Qh3 h6 28. Nxf7 Rxf7 29. Rb1 Qc8 30. Rfd1 Nb7 31. Ba6 Qa8 32. Bf4 e5 33. Bg3 Nba5 34. Be1 Kh8 35. Rbc1 f4 36. Bb5 Rc8 37. Bxa5 bxa5 38. Qe6 Rfc7 39. Qd6 fxe3 0-1


[Site "https://www.chess.com"]

[Event "Titled Tuesday Blitz January 03 Early 2023"]
[White "Jobava, Baadur"]
[Black "Yeritsyan, Hayk"]
[WhiteFideId "13601520"]
[BlackFideId "13307320"]
[WhiteElo "2578"]
[BlackElo "2241"]
[Result "1-0"]
[Round "11"]
[TimeControl "180+2"]
[Date "2023.01.03"]
[WhiteClock "0:01:35"]
[BlackClock "0:00:04"]

1. b3 e5 2. Bb2 Nc6 3. Nf3 Bd6 4. e3 Nf6 5. d3 O-O 6. Nbd2 Re8 7. Be2 Bf8 8. c4 d6 9. O-O g6 10. a3 a5 11. Re1 Bf5 12. Bf1 Bg7 13. h3 Nd7 14. d4 exd4 15. exd4 Rxe1 16. Qxe1 Nb6 17. Qe3 Qf8 18. Re1 Bd7 19. Ne4 Re8 20. Qd2 d5 21. Nc5 Bc8 22. Rxe8 Qxe8 23. Bc3 a4 24. Nxa4 Nxa4 25. bxa4 Be6 26. c5 h6 27. a5 Ne7 28. Qb2 Bc8 29. Qb5 Qd8 30. a6 bxa6 31. Qb8 Nc6 32. Qa8 Ne7 33. Bxa6 Kh7 34. Bxc8 Nxc8 35. a4 Qd7 36. a5 Ne7 37. Qb7 Qa4 38. Qxc7 Nf5 39. Qxf7 Qd1+ 40. Kh2 Qd3 41. Ne5 Qxc3 42. Qxg6+ Kg8 43. Qf7+ Kh8 44. Qxf5 Qxd4 45. f4 Qe3 46. a6 Qxc5 47. Qd7 Qd4 48. Ng6+ Kh7 49. a7 Kxg6 50. Qg4+ Kh7 51. a8=Q 1-0


[Site "https://www.chess.com"]

[Event "Titled Tuesday Blitz January 03 Early 2023"]
[White "Saravana, Krishnan P."]
[Black "Rustemov, Alexander"]
[WhiteFideId "5018382"]
[BlackFideId "4119002"]
[WhiteElo "2284"]
[BlackElo "2525"]
[Result "1/2-1/2"]
[Round "11"]
[TimeControl "180+2"]
[Date "2023.01.03"]
[WhiteClock "0:00:18"]
[BlackClock "0:00:07"]

1. e4 e6 2. d4 d5 3. Nd2 dxe4 4. Nxe4 Bd7 5. Nf3 Bc6 6. Bd3 Nd7 7. Ned2 Ngf6 8. b3 b5 9. Bb2 b4 10. Qe2 Be7 11. Ne5 Bd5 12. f4 O-O 13. O-O a5 14. Rad1 a4 15. Ndc4 axb3 16. axb3 g6 17. Ne3 c6 18. Nxd5 cxd5 19. f5 exf5 20. Nc6 Qb6 21. Nxe7+ Kg7 22. Rde1 Rae8 23. Qf2 Qd6 24. Nxf5+ gxf5 25. Qxf5 Rxe1 26. Rxe1 h6 27. Bc1 Re8 28. Rxe8 Nxe8 29. Qh7+ Kf8 30. Bxh6+ Ke7 31. Bg5+ Ndf6 32. Qf5 Kf8 33. Bb5 Ne4 34. Be3 N8f6 35. Bd3 Qc7 36. Qe5 Qc3 37. Bh6+ Kg8 38. h3 Qe1+ 39. Kh2 Qh4 40. Qf4 Qh5 41. Bxe4 Nxe4 42. Qg4+ Qxg4 43. hxg4 f6 44. Bf4 Kf7 45. Kg1 Kg6 46. Kf1 Kf7 47. Ke2 Kg6 48. Kd3 Kf7 49. Bd2 Nf2+ 50. Ke2 Nxg4 51. Bxb4 Ke6 52. c4 Nh6 53. Bd2 Nf5 54. Be3 Nd6 55. Kd3 Ne4 56. c5 Kd7 57. Bd2 Kc6 58. b4 Kb5 59. Be1 Ng5 60. Ke3 Ne6 61. Bc3 f5 62. Kf3 Kc6 63. Bb2 Kb5 64. Bc3 Kc6 65. g4 fxg4+ 66. Kxg4 Nc7 67. Kf5 Nb5 68. Bb2 Nc7 69. Ke5 Nb5 70. Bc1 Nc7 71. Bf4 Nb5 72. Be3 Nc7 73. Kf6 Nb5 74. Ke7 Nc7 75. Bf4 Nb5 76. Be5 Nc3 77. Ke6 Nb5 78. Ke7 Nc3 79. Kd8 Nb5 80. Kc8 Nc3 81. Kb8 Nb5 82. Ka8 Nc3 83. Ka7 Nb5+ 84. Ka6 Nc3 85. Ka5 Nb5 86. Bf6 Nc3 87. Bg5 Nb5 88. Be3 Nc3 89. Bd2 Nb5 90. Be1 Nxd4 91. Ka6 Nb5 92. Bf2 d4 93. Ka5 d3 94. Be3 Nc7 95. Ka4 Nb5 96. Bd2 Nd4 97. Ka3 Nf3 98. Bc3 Kb5 99. Kb3 Ng5 100. Bd2 Ne4 101. Be3 d2 102. Bxd2 Nxd2+ 103. Kc2 Ne4 104. Kb3 Nxc5+ 105. Ka3 Na6 106. Kb3 Nxb4 1/2-1/2


[Site "https://www.chess.com"]

[Event "Titled Tuesday Blitz January 03 Early 2023"]
[White "Salimova, Nurgyul"]
[Black "Padmini, Rout"]
[WhiteFideId "2915138"]
[BlackFideId "5029295"]
[WhiteElo "2391"]
[BlackElo "2375"]
[Result "1-0"]
[Round "11"]
[TimeControl "180+2"]
[Date "2023.01.03"]
[WhiteClock "0:01:08"]
[BlackClock "0:00:04"]

1. e4 e5 2. Nf3 Nc6 3. Bc4 Nf6 4. d3 h6 5. a4 d6 6. Nc3 g5 7. Nd5 Bg7 8. c3 Nxd5 9. Bxd5 Ne7 10. Ba2 c6 11. h4 g4 12. Nd2 h5 13. Nf1 Ng6 14. g3 f5 15. Ne3 f4 16. Nf5 Qf6 17. Qb3 Rb8 18. Nxd6+ Qxd6 19. Qf7+ Kd8 20. Qxg7 Rf8 21. Bd2 b5 22. d4 bxa4 23. O-O-O a3 24. dxe5 axb2+ 25. Kc2 Qa3 26. Bxf4+ Ke8 27. Qxg6+ 1-0


[Site "https://www.chess.com"]

[Event "Titled Tuesday Blitz January 03 Early 2023"]
[White "Klukin, Kirill"]
[Black "Mendez Fortes, Eduardo Jesus"]
[WhiteFideId "24199273"]
[BlackFideId "3502376"]
[WhiteElo "2390"]
[BlackElo "2250"]
[Result "1-0"]
[Round "11"]
[TimeControl "180+2"]
[Date "2023.01.03"]
[WhiteClock "0:00:34"]
[BlackClock "0:00:11"]

1. c4 Nf6 2. Nc3 e6 3. Nf3 d5 4. e3 c5 5. cxd5 exd5 6. d4 Nc6 7. Bb5 a6 8. Bxc6+ bxc6 9. dxc5 Bxc5 10. O-O O-O 11. h3 Bd6 12. b3 a5 13. Bb2 Qe7 14. Rc1 Bd7 15. Na4 Rab8 16. Qd4 Rb4 17. Qa7 Rfb8 18. Bxf6 gxf6 19. Nc5 Bxc5 20. Qxc5 Qe8 21. Qd6 Qe6 22. Qg3+ Kh8 23. Nd4 Qe4 24. Qf3 Rg8 25. Qxe4 dxe4 26. Kh2 a4 27. Rc5 axb3 28. axb3 Ra8 29. Rfc1 Ra2 30. R1c2 Ra1 31. Rc1 Ra2 32. R5c2 Ra3 33. g4 Kg7 34. Kg3 Ra5 35. Rc5 Ra6 36. Kf4 Ra2 37. R1c2 Ra1 38. Rc1 Ra2 39. R5c2 Rxc2 40. Rxc2 h5 41. gxh5 Bxh3 42. Rxc6 Bf1 43. h6+ Kg6 44. h7 Kxh7 45. Rxf6 Kg7 46. Rc6 Bd3 47. Nf5+ Kh7 48. Nd4 Kg7 49. Rc7 Rb6 50. Rc5 Rf6+ 51. Rf5 Rb6 52. Rg5+ Kf6 53. Rc5 Kg7 54. Nf5+ Kh7 55. Rc3 Rb7 56. Nd6 Rd7 57. Nxe4 Bb1 58. Nf6+ 1-0


[Site "https://www.chess.com"]

[Event "Titled Tuesday Blitz January 03 Early 2023"]
[White "Ronka, Erik"]
[Black "Agasarov, Benik"]
[WhiteFideId "505080"]
[BlackFideId "13314823"]
[WhiteElo "2276"]
[BlackElo "2235"]
[Result "0-1"]
[Round "11"]
[TimeControl "180+2"]
[Date "2023.01.03"]
[WhiteClock "0:00:57"]
[BlackClock "0:01:36"]

1. d4 d5 2. c4 e6 3. Nc3 c5 4. cxd5 cxd4 5. Qxd4 Nc6 6. Qd1 exd5 7. Nf3 d4 8. Nb1 Nf6 9. g3 Bb4+ 10. Bd2 Bc5 11. Bg2 O-O 12. O-O Bg4 13. Bg5 h6 14. Bxf6 Qxf6 15. Nbd2 Rfe8 16. Rc1 Bf8 17. h3 Bf5 18. Ne1 Rad8 19. Nd3 Qe6 20. g4 Bh7 21. Re1 Qxa2 22. Bxc6 bxc6 23. Rxc6 Bxd3 24. exd3 Rxe1+ 25. Qxe1 Qxb2 26. Nc4 Qc3 27. Qe4 Rb8 28. Kg2 Qa1 29. Ne5 Rb1 30. Nf3 Rh1 31. Kg3 Qf1 32. h4 Rh3+ 33. Kf4 Qxf2 34. Rc8 Qg3+ 0-1


[Site "https://www.chess.com"]

[Event "Titled Tuesday Blitz January 03 Early 2023"]
[White "Leiva, Gianmarco"]
[Black "Kvaloy, Aksel Bu"]
[WhiteFideId "3804399"]
[BlackFideId "1528815"]
[WhiteElo "2392"]
[BlackElo "2321"]
[Result "0-1"]
[Round "11"]
[TimeControl "180+2"]
[Date "2023.01.03"]
[WhiteClock "0:00:09"]
[BlackClock "0:00:34"]

1. e4 e5 2. Nf3 Nf6 3. Nxe5 Nc6 4. Nxc6 dxc6 5. Nc3 Bc5 6. Be2 h5 7. h3 Qd4 8. O-O Ng4 9. hxg4 hxg4 10. g3 Qe5 11. Kg2 Bxf2 12. Kxf2 Rh2+ 13. Ke3 Qxg3+ 14. Bf3 gxf3 15. Rxf3 Qg5+ 16. Kd3 Bg4 17. Kc4 Be6+ 18. Nd5 cxd5+ 19. Kc3 dxe4 20. d4 Qh5 21. Bf4 exf3 0-1


[Site "https://www.chess.com"]

[Event "Titled Tuesday Blitz January 03 Early 2023"]
[White "HSH1987"]
[Black "Erzhanov, Arman"]
[BlackFideId "4138821"]
[WhiteElo "2675"]
[BlackElo "2228"]
[Result "0-1"]
[Round "11"]
[TimeControl "180+2"]
[Date "2023.01.03"]
[WhiteClock "0:00:21"]
[BlackClock "0:01:16"]

1. Nf3 d6 2. g3 e5 3. Bg2 g6 4. O-O Bg7 5. c4 Nc6 6. Nc3 f5 7. Rb1 a5 8. a3 Nf6 9. b4 axb4 10. axb4 O-O 11. b5 Ne7 12. d3 h6 13. Bb2 g5 14. Qb3 Be6 15. Ra1 Rb8 16. Nd2 f4 17. Nde4 Nf5 18. Nxf6+ Bxf6 19. Nd5 Bg7 20. Ra7 fxg3 21. hxg3 c6 22. Nc3 Nxg3 23. Rfa1 Nf5 24. bxc6 bxc6 25. Rb7 Nd4 26. Rxb8 Qxb8 27. Qxb8 Rxb8 28. Ra2 g4 29. Ne4 Nxe2+ 30. Kf1 Nf4 31. Nxd6 Nxd3 32. Ba3 Rb1+ 33. Ke2 Nf4+ 34. Ke3 Nxg2+ 35. Kd2 h5 36. Ne4 Bxc4 37. Rc2 Bd5 0-1


[Site "https://www.chess.com"]

[Event "Titled Tuesday Blitz January 03 Early 2023"]
[White "reevecanada"]
[Black "Wagner, Dennis"]
[BlackFideId "24650684"]
[WhiteElo "2477"]
[BlackElo "2595"]
[Result "1-0"]
[Round "11"]
[TimeControl "180+2"]
[Date "2023.01.03"]
[WhiteClock "0:01:21"]
[BlackClock "0:00:26"]

1. e4 c5 2. Nf3 d6 3. d4 cxd4 4. Nxd4 Nf6 5. Nc3 a6 6. Bg5 Nbd7 7. Qd2 e6 8. O-O-O Be7 9. Nb3 O-O 10. f3 b5 11. h4 Re8 12. g4 Qc7 13. Kb1 b4 14. Ne2 a5 15. Ned4 Ne5 16. Be2 Bd7 17. Rhg1 a4 18. Nc1 Rab8 19. f4 Nxe4 20. Qe3 Nc3+ 21. bxc3 bxc3+ 22. Ncb3 axb3 23. Nxb3 Bxg5 24. hxg5 Ng6 25. Rh1 d5 26. Qh3 Ra8 27. f5 exf5 28. gxf5 Rxe2 29. Qxh7+ Kf8 30. f6 gxf6 31. gxf6 Bf5 32. Qh8+ Nxh8 33. Rxh8# 1-0


[Site "https://www.chess.com"]

[Event "Titled Tuesday Blitz January 03 Early 2023"]
[White "Khumalo, Keith"]
[Black "TheKnightOfBosnia"]
[WhiteFideId "14319470"]
[WhiteElo "2099"]
[BlackElo "2481"]
[Result "1-0"]
[Round "11"]
[TimeControl "180+2"]
[Date "2023.01.03"]
[WhiteClock "0:02:14"]
[BlackClock "0:01:29"]

1. d4 Nf6 2. c4 e6 3. Nf3 Bb4+ 4. Bd2 a5 5. g3 O-O 6. Bg2 d5 7. a3 Bxd2+ 8. Nbxd2 Bd7 9. Ne5 Be8 10. O-O Nc6 11. Ndf3 Nxe5 12. Nxe5 dxc4 13. Nxc4 Bc6 14. Bxc6 bxc6 15. Ne5 Qd5 16. Rc1 Rfd8 17. Nxc6 Rd7 18. e3 Ne4 19. Qc2 h6 20. f3 Ng5 21. e4 Qb5 22. a4 Qb6 23. h4 Nh7 24. Rf2 Nf6 25. Qc5 Ra6 26. Qxb6 Rxb6 27. Rc4 Ra6 28. Nb8 1-0


[Site "https://www.chess.com"]